Match 46830093
Unlisted

Match 46830093
End
Selects Mechanized Battlegroup
Construct Infanterie Kompanie
Kettenkrad Recon Vehicle
MG 42 Machine Gun Team
Grenadier Squad
Grenadier Squad
Construct Luftwaffe Kompanie
Medical Bunker
Support Elements
Selects Spotting Scopes
Wirbelwind Flakpanzer
Side Skirts
Selects Raid Package
MG 42 Bunker
Repair Bunker
Jäger Squad
Selects Wespe Self-propelled Artillery
Wespe Self-propelled Artillery
Wespe Self-propelled Artillery
Selects Mechanized Assault
anioki
Sky Blues
Captain-Psix
PROFL
Jin Ryang
Blue Dragon
Ratko
DjuXi
0
0

Comments sign in to comment!

No comments posted yet!